 Dungeon Crawl Stone Soup version 0.29-a0-219-g0a02b1cf4f (webtiles) character file.

Game seed: 10772853317574977206

72 bande the Covered (level 4, -7/29 HPs)
             Began as a Gargoyle Fighter on Feb 25, 2022.
             Mangled by a gnoll
             ... wielding a +0 flail
              (10 damage)
             ... on level 2 of the Dungeon.
             The game lasted 00:02:10 (2166 turns).

bande the Covered (Gargoyle Fighter)                Turns: 2166, Time: 00:02:11

Health: -7/29      AC: 11    Str: 19    XL:     4   Next: 26%
Magic:  4/4        EV:  9    Int:  9    God:
Gold:   196        SH:  4    Dex: 11    Spells: 3/3 levels left

rFire   . . .      SeeInvis .   a - +0 war axe
rCold   . . .      Faith    .   c - +0 buckler
rNeg    + . .      Spirit   .   b - +0 scale mail
rPois   ∞          Reflect  .   j - +0 helmet
rElec   +          Harm     .   (no cloak)
rCorr   .          Rampage  .   (no gloves)
Will    .....                   (no boots)
Stlth   ..........              (no amulet)
HPRegen 0.09/turn               (no ring)
MPRegen 0.09/turn               (no ring)

@: no status effects
A: sickness immunity, AC +3, negative energy resistance 1, electricity
resistance, torment resistance 1, petrification resistance
a: no special abilities


You were on level 2 of the Dungeon.
You visited 1 branch of the dungeon, and saw 3 of its levels.

You collected 196 gold pieces.

Inventory:

Hand Weapons
 a - a +0 war axe (weapon)
Missiles
 i - a throwing net (quivered)
Armour
 b - a +0 scale mail (worn)
 c - a +0 buckler (worn)
 j - a +0 helmet (worn)
Jewellery
 g - an amulet of regeneration
Scrolls
 f - a scroll of teleportation {unknown}
Potions
 d - 3 potions of might
 e - a potion of attraction {unknown}
 h - a potion of berserk rage {unknown}


   Skills:
 + Level 3.7 Fighting
 + Level 2.5 Axes
 + Level 4.1 Armour
 + Level 3.8 Shields


You had 3 spell levels left.
You didn't know any spells.
Your spell library contained the following spells:

 Spells                   Type           Power      Damage    Failure   Level
 Confusing Touch          Hex            0%         N/A       99%         3
 Yara's Violent Unravell  Hex/Tmut       0%         3d3       100%        5
 Enfeeble                 Hex            0%         N/A       100%        7


Dungeon Overview and Level Annotations

Branches:
Dungeon (3/15)

Altars:
Fedhas


Innate Abilities, Weirdness & Mutations

You are immune to sickness and miasma.
Your stone body is resilient. (AC +3)
You are immune to poison.
You resist negative energy. (rN+)
You are resistant to electric shocks. (rElec)
You are resistant to unholy torment.
You are immune to petrification.


Message History

You slash the gnoll!
You kill the gnoll!
You have reached level 4!
You feel clever.
You start resting.
HP restored.
There is a stone staircase leading down here.
You climb downwards.
The gnoll misses you. The gnoll completely misses you.
The gnoll hits you with a +0 club. The gnoll completely misses you.
There is a stone staircase leading up here.
Unknown command.
You block the gnoll's attack. The gnoll barely misses you.
You climb upwards.
There is a stone staircase leading down here.
You slash the gnoll!
The gnoll is almost dead.
You closely miss the gnoll. The gnoll hits you with a +0 club.
The gnoll hits you but does no damage.
You slash the gnoll!
You kill the gnoll!
You barely miss the gnoll. The gnoll hits you but does no damage.
You block the gnoll's attack. You block the gnoll's attack.
Items here: )) ? ††.
Unknown command.
The gnoll hits you with a +0 flail. The gnoll hits you with a +0 flail!
Items here: )) ? ††.
You barely miss the gnoll. The gnoll hits you with a +0 flail.
You barely miss the gnoll. You block the gnoll's attack.
You hit the gnoll but do no damage. The gnoll barely misses you.
The gnoll hits you but does no damage.
You hit the gnoll.
The gnoll is moderately wounded.
The gnoll hits you with a +0 flail!
* * * LOW HITPOINT WARNING * * *
You closely miss the gnoll.
The gnoll is moderately wounded.
The gnoll hits you with a +0 flail!
You die...

+...####...#.#........###.# #.##
####.........#.....#.(###.# #...
##........................## #.##
##.#.#####.###.....##.##...###.#.
...[...÷...###.....#####.........
##.#...............# #.........
#...#####.#.......# #.........
###.##....#.......# #...)#....
#.#####......@>.#####.........
#.# #.....#.#g#....##...##...#
#.###.#.#.#.#................)
#.....#.......#.#######.###..#
###########.....# #.# #..#
#.##### #.###... ### #......#
######## ###


You could see a gnoll.

Vanquished Creatures
  2 adders (D:2)
  2 gnolls (D:2)
  A worm (D:2)
  A dart slug (D:1)
  4 bats
  An endoplasm (D:1)
  4 giant cockroaches
  5 goblins
  A kobold (D:1)
  A quokka (D:1)
  3 ball pythons
  A frilled lizard (D:1)
  3 rats
29 creatures vanquished.

Notes
Turn   | Place    | Note
-------+----------+-------------------------------------------
     0 | D:1      | bande the Gargoyle Fighter began the quest for the Orb.
     0 | D:1      | Reached XP level 1. HP: 14/14 MP: 1/1
   258 | D:1      | Reached XP level 2. HP: 18/19 MP: 2/2
   993 | D:2      | Reached XP level 3. HP: 23/23 MP: 3/3
  1204 | D:2      | Found a blossoming altar of Fedhas.
  1696 | D:3      | Reached skill level 4 in Armour
  2019 | D:2      | Reached XP level 4. HP: 16/28 MP: 4/4
  2166 | D:2      | Mangled by a gnoll

Illustrated notes

Levels and vault maps discovered:
D:1:      mrwooster_arrival_statue_2, layout_loops_ring,
          chequers_serial_rivers_room_b
D:2:      layout_basic, basic_altar
D:3:      layout_loops_ring, lightli_temple_of_fire,
          hellmonk_ecumenical_altar_prayer_group

Skill      XL: |  1  2  3 |
---------------+----------+-----
Axes           | 2 |  2.5
Armour         | 4 |  4.1
Fighting       | |  3.7
Shields        | |  3.8

Action                   |  1- 3 |  4- 6 || total
-------------------------+-------+-------++-------
Melee: War axe           |    92 |     7 ||    99
  Use: Scroll            |     2 |       ||     2
Armor: Scale mail        |    63 |     3 ||    66
Dodge: Dodged            |    65 |     5 ||    70
Block: Buckler           |    25 |     4 ||    29

Table legend: (Time is in decaauts)
 A = Elapsed time spent in this place.
 B = Non-inter-level travel time spent in this place.
 C = Inter-level travel time spent in this place.
 D = Time resting spent in this place.
 E = Time spent auto-exploring this place.
 F = Levels seen in this place.
 G = Mean time per level.
                   A        B        C        D        E       F      G
               +--------+--------+--------+--------+--------+-----+--------+
         Total |   2213 |   2204 |      9 |    411 |   1430 |   3 |  737.7 |
       Dungeon |   2213 |   2204 |      9 |    411 |   1430 |   3 |  737.7 |
               +--------+--------+--------+--------+--------+-----+--------+

Top non-repeatable levels by time:
     D:2: 1197 daAuts
     D:1: 994 daAuts
     D:3: 21 daAuts
